 Dungeon Crawl Stone Soup version 0.29.1-2-gbd0b4ee654 (webtiles) character file.

Game seed: 13685478579278071387

2 gregunderscorem the Insei (level 1, 0/13 HPs)
             Began as an Octopode Transmuter on Nov 14, 2022.
             Slain by a goblin
             ... wielding a +0 vampiric dagger
              (4 damage)
             ... on level 1 of the Dungeon.
             The game lasted 00:00:36 (14 turns).

gregunderscorem the Insei (Octopode Transmuter)       Turns: 14, Time: 00:00:37

Health: 0/13       AC:  1    Str:  9    XL:     1   Next: 30%
Magic:  1/3        EV: 13    Int: 15    God:
Gold:   0          SH:  0    Dex: 12    Spells: 3/4 levels left

rFire   . . .      SeeInvis .     - Unarmed
rCold   . . .      Faith    .   (no shield)
rNeg    . . .      Spirit   .   (helmet currently unavailable)
rPois   .          Reflect  .   (no amulet)
rElec   .          Harm     .   (no ring)
rCorr   .          Rampage  .   (no ring)
Will    .....                   (no ring)
Stlth   ++........              (no ring)
HPRegen 0.04/turn               (no ring)
MPRegen 0.08/turn               (no ring)
                                (no ring)
                                (no ring)

@: appendages (expiring), very slightly contaminated
A: tentacle spike 3, almost no armour, amphibious, 8 rings, camouflage 1,
gelatinous body 1, (nimble swimmer 1), tentacles
a: End Transformation


You were on level 1 of the Dungeon.
One of your tentacles had grown a beastly spike.
You visited 1 branch of the dungeon, and saw 1 of its levels.

Inventory:

Potions
 a - a potion of lignification


   Skills:
 - Level 1.0 Fighting
 - Level 2.0 Dodging
 + Level 0.3 Stealth
 + Level 3.0 Unarmed Combat
 - Level 2.0 Spellcasting
 + Level 2.0 Transmutations


You had 3 spell levels left.
You knew the following spells:

 Your Spells              Type           Power      Damage    Failure   Level
a - Beastly Appendage     Tmut           14%        N/A       10%         1

Your spell library contained the following spells:

 Spells                   Type           Power      Damage    Failure   Level
 Wereblood                Tmut           7%         N/A       14%         2
 Spider Form              Tmut/Pois      4%         N/A       41%         3
 Ice Form                 Ice/Tmut       4%         N/A       82%         4


Dungeon Overview and Level Annotations

Branches:
Dungeon (1/15)

Altars:


Innate Abilities, Weirdness & Mutations

One of your tentacles has grown a beastly spike.
You cannot wear most types of armour.
You are amphibious.
You can wear up to eight rings at the same time.
Your skin changes colour to match your surroundings (Stealth+).
Your rubbery body absorbs attacks. (AC +1, EV +1)
((You are camouflaged when in or above water. (Stealth+)))
You have tentacles for arms and can constrict up to eight enemies at once.


Message History

Press ? for a list of commands and other information.
No item to drop.
Save game and exit?
Welcome back, gregunderscorem the Octopode Transmuter.
Press ? for a list of commands and other information.
You open the door.
A kobold comes into view. It is wielding a +0 club.
Found a leather armour and a whip.
Casting: Beastly Appendage (safe; 10% risk of failure)
Confirm with . or Enter, or press ? or * to list all spells.
One of your tentacles grows a vicious spike.
The kobold shouts!
Unknown command.
A quokka comes into view.
There is an open door here.
The kobold throws a stone.
The stone barely misses you.
You tentacle-slap the kobold.
You kill the kobold!
A goblin comes into view. It is wielding a +0 vampiric dagger.
Things that are here:
a +0 club; a stone; a kobold corpse The quokka bites you.
The quokka completely misses you.
You miss the quokka. You grab the quokka.
You pierce the quokka.
The quokka is moderately wounded.
You constrict the quokka. The quokka bites you.
You are too injured to fight recklessly!
You are too injured to fight recklessly!
You tentacle-slap the quokka.
Your tentacle spike misses the quokka.
The quokka is almost dead.
You constrict the quokka.
You kill the quokka!
Casting: Beastly Appendage (safe; 10% risk of failure)
Confirm with . or Enter, or press ? or * to list all spells.
You miscast Beastly Appendage.
You are very lightly contaminated with residual magic.
Nothing appears to happen.
Your transformation is almost over.
You closely miss the goblin. Your grab misses the goblin.
The goblin hits you with a +0 vampiric dagger.
You die...

##...<...##
##.......##
##♣.P.P.♣## .
#####.#.#.###..
#..##+#'#+##...
#..............
##........#....
#..#...).......
#.#....@.......
#..[g........
...)...........
...............
...............
...............
...............
..........#....


You could see a goblin.

Vanquished Creatures
  A quokka (D:1)
  A kobold (D:1)
2 creatures vanquished.

Notes
Turn   | Place    | Note
-------+----------+-------------------------------------------
     0 | D:1      | gregunderscorem the Octopode Transmuter began the quest for
                  | the Orb.
     0 | D:1      | Reached XP level 1. HP: 13/13 MP: 3/3
    14 | D:1      | Slain by a goblin

Illustrated notes

Levels and vault maps discovered:
D:1:      spicycebolla_arrival_ecumenical, layout_rooms, minmay_unequal

Action                   || total
-------------------------++-------
Melee: Unarmed           ||     4
       Constrict         ||     1
       Kick              ||     1
 Cast: Beastly Appendage ||     1
Dodge: Dodged            ||     2
